 Dungeon Sprint DCSS version 0.22-a0-396-g3f858e3 (webtiles) character file.

94 emperorscorpion the Thaumaturge (level 4, -2/36 HPs)
             Began as a Deep Elf Wizard on May 4, 2018.
             Slain by a shadow imp (5 damage)
             ... in the Dungeon (Sprint IX: "|||||||||||||||||||||||||||||").
             The game lasted 00:00:46 (123 turns).

emperorscorpion the Thaumaturge (Deep Elf Wizard)    Turns: 123, Time: 00:00:47

Health: -2/36      AC:  2    Str:  9    XL:     4   Next: 38%
Magic:  11/18      EV: 14    Int: 23    God:
Gold:   0          SH:  0    Dex: 14    Spells: 22/23 levels left

rFire    . . .     SeeInvis .   a - +0 dagger
rCold    . . .     Gourm    .   (no shield)
rNeg     . . .     Faith    .   c - +0 robe
rPois    .         Spirit   .   b - +0 hat
rElec    .         Reflect  .   (no cloak)
rCorr    .         Harm     .   (no gloves)
MR       .....     NoTele   +   (no boots)
Stlth    ..........             (no amulet)
HPRegen  0.12/turn              (no ring)
MPRegen  0.16/turn              (no ring)

@: berserking (expiring), very quick
A: no striking features
a: no special abilities


You were in the Dungeon.
You were not hungry.

You visited 1 branch

Inventory:

Hand Weapons
 a - a +0 dagger (weapon)
Armour
 b - a +0 hat (worn)
 c - a +0 robe (worn)
Scrolls
 j - a scroll of blinking
Potions
 e - a potion of curing
 f - a potion of heal wounds
 g - a potion of haste
 h - 2 potions of magic
Comestibles
 d - a ration
 k - 6 chunks of flesh


   Skills:
 + Level 0.3 Fighting
 + Level 1.0 Short Blades
 + Level 4.6 Dodging
 + Level 3.8 Stealth
 + Level 0.6 Unarmed Combat
 + Level 10.3 Spellcasting
 + Level 2.0 Conjurations
   Level 1.1 Summonings
   Level 1.1 Translocations


You had 22 spell levels left.
You knew the following spells:

 Your Spells              Type           Power        Failure   Level  Hunger
a - Magic Dart            Conj           ###.         2%          1    None


Dungeon Overview and Level Annotations

Branches:
Dungeon (1/1)

Altars:


Message History

Your experience leads to an increase in your attributes!
Your base attributes are Str 4, Int 22, Dex 13.
Increase (S)trength, (I)ntelligence, or (D)exterity?
You feel agile.
You have reached level 4!
You feel clever. The ooze hits you.
* * * LOW HITPOINT WARNING * * *
Items here: ) ÷ †† a giant club; an ogre corpse; a frilled lizard corpse; a rat skeleton You hit the ooze.
The ooze is moderately wounded.
The ooze hits you.
* * * LOW HITPOINT WARNING * * *
You hit the ooze.
The ooze is severely wounded.
You hit the ooze.
You kill the ooze!
You closely miss the shadow imp. The shadow imp hits you.
You die... ▓▓▓▓▓▓▓▓▓▓▓▓▓▓▓▓▓▓ ▓<@5o).....'...o.+ ▓▓▓▓▓▓▓▓▓▓▓▓▓▓▓▓▓▓

You could see a shadow imp and an orc.

Vanquished Creatures
  An ogre (D)
  An ooze (D)
  A leopard gecko (D)
  A goblin (D)
  A hobgoblin (D)
  A frilled lizard (D)
  2 rats (D)
8 creatures vanquished.

Notes
Turn   | Place    | Note
-------+----------+-------------------------------------------
     0 | D        | emperorscorpion the Deep Elf Wizard began the quest for the Orb.
     0 | D        | Reached XP level 1. HP: 10/10 MP: 7/7
     5 | D        | Reached skill level 5 in Spellcasting
    17 | D        | Reached skill level 6 in Spellcasting
   101 | D        | Noticed an ogre
   118 | D        | Killed an ogre
   118 | D        | Reached skill level 1 in Short Blades
   118 | D        | Reached skill level 10 in Spellcasting
   118 | D        | Reached XP level 2. HP: 3/15 MP: 9/15
   118 | D        | Reached XP level 3. HP: 4/19 MP: 9/16
   118 | D        | Reached XP level 4. HP: 6/24 MP: 10/18
   123 | D        | Slain by a shadow imp

Vault maps used:
D:        linesprint

Skill      XL: |  1 |
---------------+----+-----
Spellcasting   | 10 | 10.3
Dodging        | 4 |  4.6
Short Blades   | 1 |  1.0
Stealth        | 3 |  3.8
Conjurations   | 2 |  2.0
Fighting       | |  0.3
Unarmed Combat | |  0.6
Summonings     | |  1.1
Translocations | |  1.1

Action                   |  1- 3 |  4- 6 || total
-------------------------+-------+-------++-------
Melee: Dagger            |     6 |     4 ||    10
       Unarmed           |     6 |       ||     6
 Cast: Magic Dart        |     8 |       ||     8
  Use: Potion            |     1 |       ||     1
Dodge: Dodged            |     7 |       ||     7

Table legend:
 A = Spawn XP
 B = Non-spawn XP
 C = Spawn XP percentage of total XP
 D = Spawn monster count
 E = Non-spawn monster count
 F = Spawn count percentage of total count
 G = Total turns spent on level
                    A         B        C        D         E        F      G
               +---------+---------+-------+---------+---------+-------+---------
         Total |       0 |     135 |   0.0 |       0 |       8 |   0.0 |   123
               +---------+---------+-------+---------+---------+-------+---------
             D |       0 |     135 |   0.0 |       0 |       8 |   0.0 |   123
               +---------+---------+-------+---------+---------+-------+---------
